Map: Oceanborn LE

Players

VITSolar (Solar) - Winner!

  • Race: Zerg Zerg
  • League: Master
  • Spawn Location: 5:00

Harstem

  • Race: Protoss Protoss
  • League: Master
  • Spawn Location: 11:00

Event: Bellum Gens Elite Stara Zagora 2024

VOD

Have the link to the VOD?

Description

Time

  • Played on: Sept. 7, 2024, 1:18 p.m.
  • Length: 8:47

All games in this series

Show
View Real Time Build Order
Export as new Build Order

VITSolar Zerg - Winner!

Build Orders: Hatch First 

Get SALT Encoding   

  12  0:00  Drone  
  13  0:12  Overlord  
  13  0:17  Drone  
  14  0:31  Drone x2  
  16  0:47  Hatchery  
  15  0:51  Drone  
  15  0:54  Drone  
  17  0:58  Drone  
  18  1:09  Extractor  
  17  1:13  Spawning Pool  
  17  1:15  Drone  
  17  1:21  Drone  
  19  1:32  Drone  
  19  1:33  Extractor  
  19  1:43  Drone  
  21  1:58  Overlord  
  21  2:01  Hatchery, Queen  
  22  2:16  Zergling x4  
  22  2:22  Drone  
  25  2:36  Queen  
  27  2:41  Overlord  
  27  2:44  Metabolic Boost  
  27  2:45  Zergling x2  
  28  3:00  Zergling x2  
  29  3:09  Drone x4  
  29  3:12  Queen  
  33  3:15  Drone  
  36  3:23  Hatchery  
  36  3:24  Drone  
  35  3:29  Drone  
  36  3:36  Zergling x4  
  36  3:40  Queen  
  40  3:45  Overlord  
  40  3:47  Drone  
  41  3:53  Queen  
  43  3:57  Overlord  
  43  4:04  Drone x3  
  43  4:05  Drone  
  47  4:12  Drone  
  47  4:16  Drone x2  
  51  4:17  Drone  
  51  4:18  Queen  
  53  4:25  Zergling x6  
  53  4:28  Zergling x2  
  55  4:32  Spore Crawler  
  55  4:34  Drone x2  
  55  4:35  Drone  
  57  4:40  Queen  
  57  4:42  Drone  
  57  4:45  Overlord  
  60  4:46  Drone  
  60  4:51  Spore Crawler  
  60  4:54  Drone x3  
  60  4:57  Drone  
  60  4:59  Drone  
  64  5:01  Drone, Evolution Chamber  
  64  5:04  Drone  
  64  5:05  Drone  
  66  5:07  Drone x2  
  66  5:10  Overlord  
  66  5:12  Drone  
  68  5:16  Drone x2  
  70  5:26  Drone x2  
  70  5:28  Drone x2, Zerg Melee Weapons Level 1  
  72  5:30  Drone  
  72  5:34  Drone  
  77  5:35  Drone  
  77  5:38  Overlord  
  77  5:40  Extractor  
  77  5:42  Hatchery, Lair  
  75  5:44  Zergling x4  
  75  5:48  Zergling x2  
  75  5:49  Zergling x8  
  80  5:54  Zergling x2  
  80  5:56  Roach Warren  
  80  5:57  Drone x2  
  82  5:58  Drone, Extractor  
  82  5:59  Extractor  
  82  6:01  Extractor  
  82  6:02  Overlord  
  82  6:03  Drone x2  
  82  6:08  Drone x3  
  82  6:10  Drone  
  86  6:12  Drone  
  86  6:16  Drone x2  
  89  6:19  Overlord  
  89  6:21  Overlord  
  89  6:23  Zergling x8  
  92  6:27  Zergling x2  
  92  6:29  Drone x2  
  92  6:31  Pneumatized Carapace  
  93  6:34  Zergling x6  
  97  6:40  Drone, Overlord  
  97  6:42  Glial Reconstitution  
  97  6:43  Overseer  
  97  6:49  Spore Crawler  
  97  6:52  Overlord  
  97  6:57  Roach  
  97  6:58  Roach x10  
  118  7:03  Roach  
  118  7:07  Roach x2  
  118  7:08  Overlord  
  122  7:11  Overseer  
  122  7:13  Roach  
  122  7:14  Overlord  
  128  7:15  Roach x2  
  128  7:16  Roach  
  128  7:22  Zergling x10  
  134  7:23  Ravager  
  134  7:26  Zergling x8  
  134  7:29  Overlord x2  
  139  7:30  Ravager  
  139  7:34  Ravager  
  141  7:38  Zergling x4  
  141  7:40  Ravager  
  141  7:44  Zergling x14  
  151  7:47  Zergling x6  
  151  7:48  Zergling x2  
  154  7:56  Roach x2  
  151  8:01  Overlord  
  151  8:04  Zergling x8  
  146  8:08  Roach  
  141  8:12  Ravager  
  141  8:14  Zergling x24  
  141  8:19  Roach x3  
  152  8:24  Roach x2  
  152  8:25  Roach  
  152  8:26  Ravager  
  152  8:37  Ravager x2  
Show
View Real Time Build Order
Export as new Build Order

Harstem Protoss 

Build Orders: Oracle Opening, Zealot Archon 

Get SALT Encoding   

  12  0:00  Probe  
  13  0:12  Probe  
  14  0:18  Pylon  
  14  0:24  Probe  
  15  0:36  Gateway  
  15  0:37  Probe (Chrono Boost)  
  16  0:47  Probe (Chrono Boost)  
  17  0:52  Probe (Chrono Boost)  
  17  0:56  Forge  
  18  1:09  Pylon  
  18  1:23  Pylon  
  18  1:24  Pylon  
  18  1:29  Photon Cannon  
  18  1:34  Pylon  
  18  1:43  Probe  
  18  1:45  Pylon  
  19  1:51  Assimilator  
  19  1:55  Probe  
  20  2:04  Nexus  
  20  2:10  Cybernetics Core  
  20  2:13  Probe  
  21  2:21  Assimilator  
  21  2:25  Probe (Chrono Boost)  
  22  2:31  Pylon  
  22  2:35  Probe (Chrono Boost)  
  23  2:40  Probe (Chrono Boost)  
  24  2:47  Adept (Chrono Boost)  
  27  2:51  Probe  
  27  3:00  Pylon  
  27  3:03  Probe  
  28  3:06  Stargate  
  28  3:11  Adept (Chrono Boost)  
  28  3:16  Probe  
  28  3:18  Probe  
  32  3:28  Warp Gate  
  32  3:29  Probe  
  32  3:30  Probe  
  34  3:41  Probe  
  35  3:42  Probe  
  35  3:43  Adept  
  38  3:49  Oracle (Chrono Boost)  
  38  3:53  Probe  
  38  3:54  Probe  
  43  3:56  Pylon  
  43  4:05  Probe  
  43  4:06  Probe  
  45  4:14  Nexus  
  45  4:17  Probe  
  45  4:19  Oracle (Chrono Boost), Probe  
  50  4:29  Pylon  
  48  4:34  Probe (Chrono Boost)  
  48  4:35  Probe (Chrono Boost)  
  48  4:37  Assimilator  
  50  4:41  Twilight Council  
  52  4:46  Probe (Chrono Boost)  
  52  4:49  Assimilator, Probe (Chrono Boost)  
  52  4:51  Probe (Chrono Boost)  
  53  4:57  Probe  
  53  5:00  Probe, Protoss Ground Weapons Level 1 (Chrono Boost)  
  53  5:04  Pylon  
  53  5:06  Gateway  
  54  5:07  Gateway  
  54  5:09  Probe  
  54  5:12  Probe  
  56  5:21  Probe (Chrono Boost)  
  57  5:26  Adept  
  57  5:27  Probe (Chrono Boost)  
  57  5:28  Probe (Chrono Boost)  
  59  5:37  Gateway  
  59  5:39  Probe x2 (Chrono Boost)  
  59  5:42  Probe (Chrono Boost)  
  61  5:44  Probe (Chrono Boost)  
  61  5:46  Probe (Chrono Boost)  
  63  5:50  Stalker, Probe  
  63  5:52  Pylon  
  63  5:54  Probe  
  66  5:57  Probe  
  66  5:59  Shield Battery  
  66  6:02  Stalker x2, Probe  
  72  6:06  Probe  
  72  6:09  Probe  
  74  6:13  Charge  
  74  6:14  Probe  
  75  6:18  Probe  
  75  6:21  Templar Archives, Probe  
  75  6:23  Gateway, Templar Archives  
  75  6:24  Gateway  
  75  6:25  Zealot x2  
  79  6:26  Probe  
  79  6:30  Probe  
  79  6:31  Assimilator  
  79  6:33  Sentry, Probe  
  79  6:35  Assimilator  
  79  6:37  Pylon  
  79  6:38  Probe  
  83  6:42  Probe  
  83  6:45  Probe  
  83  6:46  Gateway  
  85  6:48  Gateway  
  85  6:50  Probe  
  85  6:51  Zealot x3  
  93  7:03  Zealot  
  93  7:06  Probe  
  95  7:10  Probe  
  95  7:11  Pylon  
  95  7:14  Pylon  
  95  7:15  Nexus  
  96  7:16  Robotics Facility  
  96  7:18  Pylon  
  96  7:19  High Templar x2  
  100  7:24  Archon  
  100  7:26  Probe  
  100  7:27  Pylon  
  100  7:29  Probe  
  102  7:30  High Templar  
  102  7:31  Zealot, High Templar  
  102  7:35  Zealot, Archon  
  110  7:37  Probe  
  110  7:38  Probe  
  110  7:41  Probe  
  110  7:43  Zealot x2  
  117  7:47  Shield Battery  
  117  7:48  Pylon  
  117  7:49  Probe  
  117  7:50  Probe  
  119  8:03  Zealot x8  
  127  8:06  Immortal (Chrono Boost)  
  115  8:13  Probe  
  111  8:23  Zealot x7  
  104  8:31  Zealot  
  98  8:35  Probe  
Tags
 
Add a new tag
Caveats
  • Supply blocks, unpowered buildings, or Contaminate may cause inaccurate times.
  • Supply counts are checked every 10 seconds.